 Dungeon Crawl Stone Soup version 0.25-b1-23-ge2ad7d536c (webtiles) character file.

Game seed: 3496393695268034252, levelgen mode: deterministic

3514 dorian the Grappler (level 10, -13/81 HPs)
             Began as a Ghoul Monk on May 29, 2020.
             Was a Priest of Wu Jian.
             Mangled by Harold
             ... wielding a +0 morningstar of protection
              (17 damage)
             ... on level 8 of the Dungeon.
             The game lasted 00:15:56 (9088 turns).

dorian the Grappler (Ghoul Monk)                    Turns: 9088, Time: 00:15:58

Health: -13/81     AC:  8    Str: 16    XL:     10   Next: 8%
Magic:  0/9        EV:  8    Int:  5    God:    Wu Jian [***...]
Gold:   469        SH:  0    Dex: 14    Spells: 9/9 levels left

rFire    + . .     SeeInvis .     - Unarmed
rCold    + + +     Gourm    .   (no shield)
rNeg     + + +     Faith    .   s - +0 leather armour (curse)
rPois    ∞         Spirit   +   (no helmet)
rElec    +         Reflect  .   D - +0 cloak
rCorr    +         Harm     .   (no gloves)
MR       .....                  (no boots)
Stlth    ++........             d - amulet of guardian spirit
HPRegen  0.00/turn              f - +4 ring of protection
MPRegen  0.11/turn              g - ring of protection from cold

@: resistant, held, rotting, slowed, very slow
A: rotting body, claws 1, carnivore, cold resistance 1, negative energy
resistance 3, inhibited regeneration, torment resistance, unbreathing
a: Wall Jump, Serpent's Lash, Renounce Religion


You were on level 8 of the Dungeon.
You worshipped Wu Jian.
Wu Jian was most pleased with you.
You were not hungry.

You visited 2 branches of the dungeon, and saw 9 of its levels.

You collected 469 gold pieces.

Inventory:

Armour
 a - a +0 robe
 s - a cursed +0 leather armour (worn)
 D - a +0 cloak (worn)
Jewellery
 d - an amulet of guardian spirit (around neck)
 f - a +4 ring of protection (left claw)
 g - a ring of protection from cold (right claw)
 x - a cursed ring of attention {unknown}
 z - a cursed amulet of inaccuracy {unknown}
Wands
 k - a wand of acid (9)
 o - a wand of random effects (36)
 A - a wand of flame (7)
Scrolls
 e - 3 scrolls of immolation {unknown}
 h - 6 scrolls of identify {unknown}
 j - 6 scrolls of remove curse {unknown}
 l - a scroll of random uselessness {unknown}
 m - a scroll of teleportation {unknown}
 r - a scroll of enchant weapon {unknown}
 u - a scroll of fear {unknown}
 w - a scroll of fog {unknown}
 y - a scroll of noise {unknown}
 B - a scroll of acquirement {unknown}
Potions
 c - 3 potions of curing {unknown}
 i - a potion of ambrosia {unknown}
 n - 2 potions of haste {unknown}
 p - 2 potions of resistance
 q - a potion of degeneration {unknown}
 t - a potion of berserk rage {unknown}
 v - a potion of heal wounds {unknown}
 E - a potion of lignification {unknown}
Comestibles
 b - 16 rations
 C - 14 chunks of flesh


   Skills:
 + Level 5.2 Fighting
 + Level 3.2 Armour
 + Level 7.6 Dodging
 - Level 2.1 Stealth
 + Level 11.7 Unarmed Combat


You had 9 spell levels left.
You didn't know any spells.
Your spell library contained the following spells:

 Spells                   Type           Power        Failure   Level  Hunger
 Confusing Touch          Hex            #.......     88%         3    ####...
 Gell's Gravitas          Tloc           #.........   88%         3    ####...
 Spectral Weapon          Hex/Chrm       #.......     88%         3    ####...
 Tukima's Dance           Hex            #.......     88%         3    ####...
 Petrify                  Tmut/Erth      #.......     99%         4    #####..
 Metabolic Englaciation   Hex/Ice        #.........   100%        5    ######.
 Silence                  Hex/Air        #.........   100%        5    ######.
 Yara's Violent Unravell  Hex/Tmut       #.........   100%        5    ######.


Dungeon Overview and Level Annotations

Branches:
Dungeon (8/15)             Temple (1/1) D:5
   Lair: D:8-11

Altars:
Ashenzari
Cheibriados
Dithmenos
Elyvilon
Fedhas
Gozag
Kikubaaqudgha
Makhleb
Nemelex Xobeh
Ru
Sif Muna
Trog
Uskayaw
Vehumet
Wu Jian
Xom

Annotations:
D:8 Harold


Innate Abilities, Weirdness & Mutations

Your body is rotting away.
You thrive on raw meat.
You are immune to poison.
You have sharp fingernails.
You are carnivorous and can eat meat at any time.
Your flesh is cold resistant. (rC+)
You are immune to negative energy. (rN+++)
You do not regenerate when monsters are visible.
You are immune to unholy pain and torment.
You can survive without breathing.


Message History

The orc wizard blinks!
Harold throws a throwing net.
The throwing net hits you.
You become entangled in the net!
The orc wizard gestures at you while chanting.
The magic dart hits you.
* * * LOW HITPOINT WARNING * * *
You see here a throwing net.
You tear a large gash into the net.
The orc wizard hits you with a +0 dagger.
* * * LOW HITPOINT WARNING * * *
The orc wizard casts a spell.
The orc wizard blinks!
Harold hits you with a +0 morningstar of protection.
* * * LOW HITPOINT WARNING * * *
It was a potion of resistance.
You feel protected. The orc wizard casts a spell at you.
The puff of frost hits you. You resist.
* * * LOW HITPOINT WARNING * * *
Harold hits you with a +0 morningstar of protection!
You die...

##................#.
####................###
#...................##.
..........#.........###
......#.#...##.......
######...##.###..#.....##
#........##..#......#####
#........@.....#....#####
#.._...@##...##...###...
#.......o....##..###....
#.......................
#####...#..........##...
####............###..
#.............#.##...
###............##.#....
##......................
#.....##...............)


You could see Harold and an orc wizard.

Vanquished Creatures
  Joseph (D:8)
  Prince Ribbit (D:8)
  A hippogriff (D:8)
  A spriggan (D:7)
  Sigmund (D:5)
  A hungry ghost (D:7)
  Edmund (D:5)
  2 black bears
  A sky beast (D:8)
  2 phantoms
  2 ogres
  A centaur (D:8)
  A big kobold (D:8)
  2 bullfrogs
  A scorpion (D:8)
  4 crimson imps
  A bullfrog zombie (D:5)
  A centaur zombie (D:8)
  A quasit (D:7)
  2 hounds
  3 jellies
  3 orc priests
  2 gnoll shamans (D:5)
  2 iguanas
  6 orc wizards
  4 worker ants
  A killer bee zombie (D:8)
  A hound zombie (D:5)
  A worker ant zombie (D:6)
  8 adders
  20 gnolls
  A shadow imp (D:6)
  An ooze (D:5)
  2 adder skeletons (D:4)
  2 adder zombies (D:5)
  A worm (D:3)
  2 dart slugs (D:1)
  5 leopard geckos
  24 orcs
  10 giant cockroaches
  4 goblins
  8 hobgoblins
  11 jackals
  10 kobolds
  4 quokkas
  6 bats
  6 frilled lizards
  A giant cockroach zombie (D:5)
  A jackal skeleton (D:8)
  A jackal zombie (D:5)
  6 rats
185 creatures vanquished.

Notes
Turn   | Place    | Note
-------+----------+-------------------------------------------
     0 | D:1      | dorian the Ghoul Monk began the quest for the Orb.
     0 | D:1      | Reached XP level 1. HP: 19/19 MP: 0/0
   129 | D:1      | Reached XP level 2. HP: 21/26 MP: 1/1
   294 | D:1      | Reached skill level 4 in Unarmed Combat
   558 | D:1      | Reached XP level 3. HP: 31/31 MP: 2/2
  1364 | D:2      | Reached XP level 4. HP: 37/37 MP: 3/3
  1960 | D:2      | Reached skill level 5 in Unarmed Combat
  2115 | D:2      | HP: 1/38 [gnoll/+0 club (4)]
  2860 | D:3      | Reached XP level 5. HP: 45/45 MP: 4/4
  3382 | D:3      | Reached skill level 6 in Unarmed Combat
  3488 | D:3      | Reached XP level 6. HP: 49/51 MP: 5/5
  4599 | D:5      | Entered Level 5 of the Dungeon
  4602 | D:5      | Reached skill level 7 in Unarmed Combat
  4707 | D:5      | Reached XP level 7. HP: 47/57 MP: 4/6
  5279 | D:5      | Reached skill level 5 in Dodging
  5279 | D:5      | Reached skill level 8 in Unarmed Combat
  5553 | D:5      | Identified the Handbook of Enchantment
  5761 | D:5      | Found a staircase to the Ecumenical Temple.
  5769 | D:5      | Noticed Sigmund
  5792 | Temple   | Entered the Ecumenical Temple
  5829 | Temple   | Became a worshipper of the Wu Jian Council
  5829 | Temple   | Reached * piety under Wu Jian
  5829 | Temple   | Reached ** piety under Wu Jian
  5888 | D:5      | Killed Sigmund
  5888 | D:5      | Reached XP level 8. HP: 50/63 MP: 7/7
  5969 | D:5      | Noticed Edmund
  5999 | D:5      | Killed Edmund
  5999 | D:5      | Reached skill level 9 in Unarmed Combat
  6931 | D:6      | Reached skill level 10 in Unarmed Combat
  7441 | D:7      | Found a burning altar of Makhleb.
  7449 | D:7      | Reached XP level 9. HP: 68/68 MP: 8/8
  7851 | D:8      | Reached skill level 11 in Unarmed Combat
  7907 | D:8      | Reached *** piety under Wu Jian
  8077 | D:8      | Noticed Joseph
  8094 | D:8      | Reached skill level 1 in Armour
  8176 | D:8      | Found a sacrificial altar of Ru.
  8178 | D:8      | Noticed Harold
  8218 | D:8      | Noticed Prince Ribbit
  8265 | D:8      | Killed Prince Ribbit
  8704 | D:8      | Killed Joseph
  8704 | D:8      | Reached skill level 5 in Fighting
  8704 | D:8      | Reached XP level 10. HP: 47/81 MP: 5/9
  9088 | D:8      | HP: 4/81 [orc wizard/puff of frost (2)]
  9088 | D:8      | Mangled by Harold

Illustrated notes

Levels and vault maps discovered:
D:1:      lightli_arrival_boilingwater, layout_loops_ring
D:2:      layout_loops_corners
D:3:      layout_basic
D:4:      layout_gridville, first_ration
D:5:      layout_basic, minmay_temple_entry_enclosed_plants,
          sigmund_edmund_badplayer
D:6:      layout_loops_corners, nrook_uturn
D:7:      layout_loops_ring, kennysheep_little_box, the_bakery
D:8:      layout_cave_pools, david_lair_shrubbed, basic_altar,
          hangedman_abyss_or_decor_stabs, uniq_prince_ribbit1, uniq_joseph,
          uniq_harold
Temple:   nicolae_temple_the_god_donut

Skill      XL: |  1  2  3  4  5  6  7  8  9 10 |
---------------+-------------------------------+-----
Dodging        | 3 4 5 6 7 |  7.6
Unarmed Combat | 4 5 6 7 8 10 11 | 11.7
Armour         | 2 3 |  3.2
Fighting       | 5 |  5.2
Stealth        | |  2.1

Action                   |  1- 3 |  4- 6 |  7- 9 | 10-12 || total
-------------------------+-------+-------+-------+-------++-------
Melee: Unarmed           |    92 |   184 |   333 |    52 ||   661
       Punch             |       |     4 |    18 |       ||    22
Invok: Lunge             |       |       |    13 |     1 ||    14
       Serpent's Lash    |       |       |     2 |       ||     2
       Whirlwind         |       |       |     2 |       ||     2
 Abil: Wall Jump         |       |       |     5 |     2 ||     7
  Use: Potion            |       |       |       |     1 ||     1
 Stab: Sleeping          |    10 |     2 |     6 |       ||    18
       Distracted        |       |     1 |       |       ||     1
  Eat: Chunk             |     7 |     7 |    18 |     1 ||    33
       Ration            |       |       |     1 |       ||     1
Armor: Robe              |    12 |    27 |       |       ||    39
       Leather armour    |       |     2 |    68 |    13 ||    83
Dodge: Dodged            |    47 |   117 |   202 |    35 ||   401
